 Dungeon Crawl Stone Soup version 0.26-a0-668-gd58323b419 (webtiles) character file.

Game seed: 3120637572371973132

77 somkeydreadnuts the Firebug (level 4, -4/27 HPs)
             Began as an Octopode Fire Elementalist on Oct 19, 2020.
             Slain by a wight
             ... wielding a +0 morningstar
              (10 damage)
             ... on level 2 of the Dungeon.
             The game lasted 00:06:02 (1571 turns).

somkeydreadnuts the Firebug (OpFE)                  Turns: 1571, Time: 00:06:02

Health: -4/27      AC:  1    Str:  7    XL:     4   Next: 34%
Magic:  0/7        EV: 13    Int: 18    God:
Gold:   84         SH:  0    Dex: 12    Spells: 6/7 levels left

rFire    . . .     SeeInvis .   c - +2 dagger (venom)
rCold    . . .     Faith    .   (no shield)
rNeg     . . .     Spirit   .   (helmet restricted)
rPois    .         Reflect  .   (no amulet)
rElec    .         Harm     .   (no ring)
rCorr    .         Rampage  .   (no ring)
MR       .....                  (no ring)
Stlth    +++.......             (no ring)
HPRegen  0.09/turn              (no ring)
MPRegen  0.10/turn              (no ring)
                                (no ring)
                                (no ring)

@: no status effects
A: almost no armour, stealthy swim, amphibious, 8 rings, constrict 8, camouflage
1, gelatinous body 1
a: no special abilities


You were on level 2 of the Dungeon.
You visited 1 branch of the dungeon, and saw 2 of its levels.

You collected 84 gold pieces.

Inventory:

Hand Weapons
 c - a +2 dagger of venom (weapon)
Scrolls
 a - a scroll of enchant armour {unknown}
 b - 3 scrolls of identify {unknown}
 d - a scroll of enchant weapon {unknown}
 f - a scroll of noise {unknown}
Potions
 e - a potion of mutation {unknown}


   Skills:
 + Level 0.3 Fighting
 - Level 2.0 Dodging
 - Level 2.6 Stealth
 - Level 2.0 Spellcasting
 - Level 1.0 Conjurations
 + Level 5.0 Fire Magic


You had 6 spell levels left.
You knew the following spells:

 Your Spells              Type           Power        Failure   Level
a - Foxfire               Conj/Fire      ##..         5%          1

Your spell library contained the following spells:

 Spells                   Type           Power        Failure   Level
 Conjure Flame            Conj/Fire      ##......     16%         3
 Inner Flame              Hex/Fire       ##......     19%         3
 Sticky Flame             Conj/Fire      ##......     45%         4
 Fireball                 Conj/Fire      ##........   82%         5


Dungeon Overview and Level Annotations

Branches:
Dungeon (2/15)

Altars:


Innate Abilities, Weirdness & Mutations

You cannot wear most types of armour.
You are very stealthy in the water. (Stealth+)
You are amphibious.
You can wear up to eight rings at the same time.
You can use your tentacles to constrict eight enemies at once.
Your skin changes colour to match your surroundings (Stealth+).
Your rubbery body absorbs attacks. (AC +1, EV +1)


Message History

The wight is lightly damaged.
You constrict the wight. You hit the wight.
The wight is moderately damaged.
You constrict the wight, but do no damage.
The wight hits you with a +0 morningstar!
* * * LOW HITPOINT WARNING * * *
Casting: Foxfire (safe; 5% risk of failure)
Confirm with . or Enter, or press ? or * to list all spells.
You conjure some foxfire!
You constrict the wight. The wight closely misses you.
You hit the wight but do no damage.
The wight is moderately damaged.
You constrict the wight. The wight misses you.
Casting: Foxfire (safe; 5% risk of failure)
Confirm with . or Enter, or press ? or * to list all spells.
You conjure some foxfire!
You constrict the wight, but do no damage.
The wight hits you with a +0 morningstar!
You die...

#.# #####.# .. ...#.#
... ..###.#.#### ...##
#.#......... #.#§#
#.#.....##.. .#.#§#
#.#.....##.# #.#§#v##
#.#.....##.# #.#§#@#
#.#.....#... #§#z##
#.#.....#...
#z#.#####.#####.#...
#.#.#............#...
#.#.#..############...
#.#.#.#.# #...
#.#.#.#.)# #...
#.#.#.#.#.# #...
.#.#.#.#..# #...


You could see 2 wights.

Vanquished Creatures
  Jessica (D:2)
  Terence (D:2)
  A dart slug (D:1)
  5 goblins (D:1)
  3 hobgoblins (D:1)
  3 jackals (D:1)
  2 bats (D:1)
  2 frilled lizards
  4 kobolds
  4 rats
26 creatures vanquished.

Vanquished Creatures (others)
  44 foxfires
  2 plants (D:1)
46 creatures vanquished.

Grand Total: 72 creatures vanquished

Notes
Turn   | Place    | Note
-------+----------+-------------------------------------------
     0 | D:1      | somkeydreadnuts the Octopode Fire Elementalist began the
                  | quest for the Orb.
     0 | D:1      | Reached XP level 1. HP: 11/11 MP: 3/3
   286 | D:1      | Reached XP level 2. HP: 17/17 MP: 0/5
  1054 | D:1      | Reached skill level 4 in Fire Magic
  1329 | D:2      | Noticed Terence
  1335 | D:2      | Reached XP level 3. HP: 21/21 MP: 0/6
  1352 | D:2      | Killed Terence
  1552 | D:2      | Noticed Jessica
  1560 | D:2      | Killed Jessica
  1560 | D:2      | Reached skill level 5 in Fire Magic
  1560 | D:2      | Reached XP level 4. HP: 20/27 MP: 2/7
  1571 | D:2      | Slain by a wight

Illustrated notes

Levels and vault maps discovered:
D:1:      saegor_arrival_simple_c, layout_basic, chequers_big_river
D:2:      layout_basic, minivault_23, uniq_natasha, uniq_robin, uniq_jessica,
          uniq_terence

Skill      XL: |  1  2  3 |
---------------+----------+-----
Fire Magic     | 4 5 |  5.0
Fighting       | |  0.3
Dodging        | |  2.0
Stealth        | |  2.6
Spellcasting   | |  2.0
Conjurations   | |  1.0

Action                   |  1- 3 |  4- 6 || total
-------------------------+-------+-------++-------
Melee: Constrict         |     9 |     2 ||    11
       Unarmed           |     1 |       ||     1
       Dagger            |    19 |     7 ||    26
       Tentacles         |     1 |     1 ||     2
 Cast: Foxfire           |    36 |     3 ||    39
Armor: Skin              |     6 |       ||     6
Dodge: Dodged            |    24 |     5 ||    29

Table legend: (Time is in decaauts)
 A = Elapsed time spent in this place.
 B = Non-inter-level travel time spent in this place.
 C = Inter-level travel time spent in this place.
 D = Time resting spent in this place.
 E = Time spent auto-exploring this place.
 F = Levels seen in this place.
 G = Mean time per level.
                   A        B        C        D        E       F      G
               +--------+--------+--------+--------+--------+-----+--------+
         Total |   1570 |   1553 |     17 |      0 |   1050 |   2 |  785.0 |
       Dungeon |   1570 |   1553 |     17 |      0 |   1050 |   2 |  785.0 |
               +--------+--------+--------+--------+--------+-----+--------+

Top non-repeatable levels by time:
     D:1: 1328 daAuts
     D:2: 241 daAuts
